 Dungeon Crawl Stone Soup version 0.28.0-43-g3370ac3207 (webtiles) character file.

Game seed: 2376371140740415949

1099 sylnyx the Chopper (level 8, -2/69 HPs)
             Began as a Hill Orc Fighter on Mar 22, 2022.
             Was an Initiate of Beogh.
             Slain by a troll (12 damage)
             ... on level 6 of the Dungeon.
             The game lasted 00:16:54 (4678 turns).

sylnyx the Chopper (Hill Orc Fighter)               Turns: 4678, Time: 00:16:55

Health: -2/69      AC: 12    Str: 21    XL:     8   Next: 32%
Magic:  8/8        EV: 23    Int:  8    God:    Beogh [......]
Gold:   191        SH:  5    Dex: 16    Spells: 7/7 levels left

rFire   . . .      SeeInvis .   r - +1 mace (drain)
rCold   . . .      Faith    .   c - +0 buckler
rNeg    . . .      Spirit   .   p - +0 chain mail
rPois   .          Reflect  .   k - +0 helmet
rElec   .          Harm     .   (no cloak)
rCorr   .          Rampage  .   h - +0 pair of gloves
Will    .....                   (no boots)
Stlth   ..........              C - amulet of the acrobat
HPRegen 0.21/turn               B - +6 ring of dexterity
MPRegen 0.11/turn               F - ring of wizardry

@: on berserk cooldown, acrobatic, slowed, very slow
A: no striking features
a: Renounce Religion


You were on level 6 of the Dungeon.
You worshipped Beogh.
Beogh was noncommittal.
You visited 1 branch of the dungeon, and saw 6 of its levels.

You collected 191 gold pieces.

Inventory:

Hand Weapons
 a - a +0 war axe
 n - a +0 dagger of electrocution
 r - a +1 mace of draining (weapon)
 t - a +0 shortbow
Missiles
 u - 6 arrows
Armour
 b - a +0 scale mail
 c - a +0 buckler (worn)
 h - a +0 pair of gloves (worn)
 k - a +0 helmet (worn)
 p - a +0 chain mail (worn)
 w - a +2 leather armour of cold resistance
 A - a +0 helmet
Jewellery
 e - a ring of fire
 B - a +6 ring of dexterity (left hand)
 C - an amulet of the acrobat (around neck)
 F - a ring of wizardry (right hand)
Wands
 z - a wand of iceblast (13)
Scrolls
 f - a scroll of torment
 i - a scroll of fear {unknown}
 m - a scroll of identify {unknown}
 v - a scroll of noise {unknown}
 y - a scroll of blinking {unknown}
 E - a scroll of fog
Potions
 d - a potion of might
 g - a potion of berserk rage
 j - a potion of curing {unknown}
 l - a potion of heal wounds {unknown}
 o - a potion of attraction {unknown}
 s - a potion of mutation {unknown}
 x - a potion of invisibility {unknown}
 D - a potion of haste {unknown}


   Skills:
 + Level 5.6 Fighting
 + Level 6.1(7.4) Axes
 + Level 5.3(6.3) Maces & Flails
 + Level 6.1 Armour
 + Level 1.2 Dodging
 + Level 0.2 Stealth
 + Level 4.3 Shields


You had 7 spell levels left.
You didn't know any spells.
Your spell library contained the following spells:

 Spells                   Type           Power      Damage    Failure   Level
 Call Canine Familiar     Summ           0%         N/A       99%         3
 Portal Projectile        Hex/Tloc       0%         N/A       99%         3
 Leda's Liquefaction      Hex/Erth       0%         N/A       100%        4


Dungeon Overview and Level Annotations

Branches:
Dungeon (6/15)             Temple (0/1) D:5

Altars:

Shops:
D:4 *


Message History

You feel your anger nearly subside.
The door flies open with a bang!
You are no longer berserk.
You are exhausted.
You feel yourself slow down.
The hound stops to sniff the ground.
Found a glowing white potion.
Found a stone staircase leading down.
The hound misses you.
There is an open door here.
The hound misses you.
You barely miss the hound. The hound bites you but does no damage.
The hound bites you. The hound bites you but does no damage.
You closely miss the hound. The hound bites you. x2
You hit the hound. You drain the hound.
The hound is moderately wounded.
The hound stops to sniff the ground.
You block the hound's attack. x2
You closely miss the hound.
The hound is moderately wounded.
The hound bites you but does no damage. You block the hound's attack.
The hound barely misses you.
You sock the hound! You drain the hound.
You kill the hound!
Beogh accepts your kill. The troll closely misses you.
You block the troll's attack. The troll barely misses you.
You hit the troll.
The troll is lightly wounded.
The troll bites you!
* * * LOW HITPOINT WARNING * * *
The troll claws you.
* * * LOW HITPOINT WARNING * * *
The troll claws you.
* * * LOW HITPOINT WARNING * * *
The troll bites you but does no damage. You block the troll's attack.
The troll claws you but does no damage.
A water moccasin zombie comes into view.
The troll completely misses you. The troll barely misses you.
The troll completely misses you. The troll bites you!
You die...

#...##...## ..
#.........# ..
#.........# ..
#.........# .# #.
#....T....#..##.. #Z..
#...##....Z......
.....##'####...##......
.......ZT.####### .....
#######!.@....... ....
#.......... ..^
#.......... ..
#.......... .
###########


You could see a troll and a howler monkey zombie.

Vanquished Creatures
  An ice beast (D:5)
  A sky beast (D:4)
  2 ogres
  A centaur (D:3)
  A phantom (D:5)
  A kobold brigand (D:5)
  3 scorpions
  A bullfrog zombie (D:5)
  2 hounds
  A centaur skeleton (D:6)
  2 iguanas
  An orc wizard (D:3)
  6 adders
  An adder skeleton (D:4)
  2 worms
  3 dart slugs
  16 orcs
  3 bats
  4 endoplasms
  A giant cockroach (D:4)
  2 goblins (D:2)
  4 hobgoblins (D:1)
  4 jackals (D:1)
  13 kobolds
  4 quokkas
  6 ball pythons
  2 frilled lizards
  5 rats
93 creatures vanquished.

Vanquished Creatures (others)
  A plant (D:3)
1 creature vanquished.

Grand Total: 94 creatures vanquished

Notes
Turn   | Place    | Note
-------+----------+-------------------------------------------
     0 | D:1      | sylnyx the Hill Orc Fighter began the quest for the Orb.
     0 | D:1      | Reached XP level 1. HP: 19/19 MP: 1/1
    83 | D:1      | Reached XP level 2. HP: 17/27 MP: 2/2
  1214 | D:2      | Reached XP level 3. HP: 28/33 MP: 3/3
  1447 | D:2      | You fall into a shaft and drop 1 floor!
  1483 | D:3      | Reached XP level 4. HP: 27/40 MP: 4/4
  2088 | D:3      | Reached XP level 5. HP: 41/46 MP: 5/5
  2254 | D:3      | Reached skill level 5 in Axes
  2304 | D:3      | Noticed a centaur
  2315 | D:3      | Killed a centaur
  2316 | D:3      | Reached skill level 1 in Maces & Flails
  2316 | D:3      | Reached XP level 6. HP: 39/53 MP: 6/6
  2844 | D:4      | Noticed a sky beast
  2975 | D:4      | Reached XP level 7. HP: 54/60 MP: 7/7
  3085 | D:4      | Found Sopock's Gadget Gallery.
  3192 | D:4      | Reached skill level 5 in Fighting
  3192 | D:4      | Reached skill level 5 in Armour
  3413 | D:4      | Became a worshipper of Beogh the Brigand
  3629 | D:5      | Entered Level 5 of the Dungeon
  3636 | D:5      | Reached skill level 1 in Dodging
  3974 | D:5      | Reached XP level 8. HP: 64/68 MP: 8/8
  4071 | D:5      | Found a staircase to the Ecumenical Temple.
  4165 | D:5      | Reached skill level 5 in Maces & Flails
  4659 | D:6      | Noticed a troll
  4678 | D:6      | Slain by a troll

Illustrated notes

Levels and vault maps discovered:
D:1:      saegor_arrival_simple_a, layout_basic, minmay_cupped
D:2:      layout_basic, hellmonk_ecumenical_altar_leap_of_faith
D:3:      layout_loops_ring, serial_bayou_crossing
D:4:      layout_gridville, nicolae_shop_gadgets
D:5:      layout_rooms, minmay_temple_entry_mini_moons, serial_rivers,
          chequers_serial_rivers_marsh, chequers_serial_rivers_micro_e,
          chequers_serial_rivers_micro_e, chequers_serial_rivers_large_b
D:6:      layout_gridville

Skill      XL: |  1  2  3  4  5  6  7  8 |
---------------+-------------------------+-----
Fighting       | 4 5 |  5.6
Axes           | 3 4 5 6 |  6.1
Armour         | 4 5 6 |  6.1
Maces & Flails | 1 2 4 5 |  5.3
Shields        | 4 |  4.3
Dodging        | 1 |  1.2
Stealth        | |  0.2

Action                   |  1- 3 |  4- 6 |  7- 9 || total
-------------------------+-------+-------+-------++-------
Melee: War axe           |   143 |    50 |       ||   193
       Mace              |       |    54 |   129 ||   183
Invok: Convert to Beogh  |       |       |     1 ||     1
  Use: Scroll            |       |     1 |     3 ||     4
       Potion            |       |       |     1 ||     1
Armor: Scale mail        |    79 |     4 |       ||    83
       Chain mail        |       |    81 |    88 ||   169
Dodge: Dodged            |    60 |    28 |    55 ||   143
Block: Buckler           |    33 |    20 |    35 ||    88
